 Dungeon Crawl Stone Soup version 0.29-a0-91-gdebf4667c2 (webtiles) character file.

Game seed: 6941036451219203897

146 drugrobin the Poker (level 4, -4/36 HPs)
             Began as a Demigod Warper on Feb 7, 2022.
             Slain by a gnoll (6 damage)
             ... on level 3 of the Dungeon.
             The game lasted 00:10:53 (5336 turns).

drugrobin the Poker (Demigod Warper)                Turns: 5336, Time: 00:10:53

Health: -4/36      AC:  4    Str: 16    XL:     4   Next: 79%
Magic:  9/9        EV: 11    Int: 15    God:
Gold:   83         SH:  0    Dex: 13    Spells: 1/6 levels left

rFire   . . .      SeeInvis .   a - +0 spear
rCold   . . .      Faith    .   (no shield)
rNeg    . . .      Spirit   .   b - +0 leather armour
rPois   +          Reflect  .   m - +0 helmet
rElec   .          Harm     .   (no cloak)
rCorr   .          Rampage  .   (no gloves)
Will    +....                   (no boots)
Stlth   +.........              (no amulet)
HPRegen 0.12/turn               f - ring of poison resistance
MPRegen 0.11/turn               g - ring of willpower

@: no status effects
A: high MP 1, forlorn, divine attributes
a: no special abilities


You were on level 3 of the Dungeon.
You visited 1 branch of the dungeon, and saw 4 of its levels.

You collected 109 gold pieces.
You spent 26 gold pieces at shops.

Inventory:

Hand Weapons
 a - a +0 spear (weapon)
Missiles
 d - 5 boomerangs of dispersal
 j - 194 stones (quivered)
Armour
 b - a +0 leather armour (worn)
 m - a +0 helmet (worn)
Jewellery
 f - a ring of poison resistance (left hand)
 g - a ring of willpower (right hand)
Scrolls
 c - a scroll of blinking
 e - 3 scrolls of identify
 h - a scroll of amnesia {unknown}
 k - 2 scrolls of vulnerability {unknown}
 l - 3 scrolls of torment
Potions
 i - 2 potions of curing


   Skills:
 - Level 1.7 Fighting
 + Level 4.8 Polearms
 - Level 0.8 Throwing
 - Level 0.8 Armour
 - Level 1.7 Dodging
 - Level 1.7 Spellcasting
 - Level 2.6 Translocations


You had one spell level left.
You knew the following spells:

 Your Spells              Type           Power      Damage    Failure   Level
a - Blink                 Tloc           18%        N/A       14%         2
b - Teleport Other        Tloc           9%         N/A       28%         3

Your spell library contained the following spells:

 Spells                   Type           Power      Damage    Failure   Level
 Beastly Appendage        Tmut           2%         N/A       28%         1
 Sting                    Tmut/Pois      4%         1d3       28%         1
 Gell's Gravitas          Tloc           9%         N/A       28%         3
 Lesser Beckoning         Tloc           9%         N/A       28%         3
 Wereblood                Tmut           1%         N/A       38%         2
 Ozocubu's Armour         Ice            1%         N/A       63%         3
 Spider Form              Tmut/Pois      1%         N/A       63%         3
 Manifold Assault         Tloc           9%         N/A       95%         5
 Metabolic Englaciation   Hex/Ice        0%         N/A       100%        5
 Simulacrum               Ice/Necr       0%         N/A       100%        6


Dungeon Overview and Level Annotations

Branches:
Dungeon (4/15)
 Temple: D:4-7

Shops:
D:1 *((

Annotations:
D:4 Ijyb, Sigmund


Innate Abilities, Weirdness & Mutations

You have an increased reservoir of magic. (+10% MP)
You shall have no god before yourself.
Your divine heritage dramatically boosts your attributes as you level up.


Message History

You barely miss the gnoll. The gnoll closely misses you.
You hit the gnoll.
The gnoll is lightly wounded.
The gnoll hits you with a +0 whip.
You hit the gnoll.
The gnoll is heavily wounded.
The gnoll hits you with a +0 whip!
You closely miss the gnoll.
The gnoll is moderately wounded.
The gnoll hits you with a +0 whip.
Press: ? - help, v - describe, . - travel
Here: a gnoll, wielding a +0 whip (moderately wounded)
The floor.
You barely miss the gnoll.
The gnoll is moderately wounded.
The gnoll barely misses you.
You hit the gnoll.
The gnoll is severely wounded.
You closely miss the gnoll.
The gnoll is severely wounded.
The gnoll hits you with a +0 whip.
You hit the gnoll.
The gnoll is almost dead.
The gnoll hits you with a +0 whip.
* * * LOW HITPOINT WARNING * * *
You closely miss the gnoll.
The gnoll is almost dead.
The gnoll closely misses you.
You hit the gnoll.
The gnoll is almost dead.
The gnoll hits you with a +0 whip.
* * * LOW HITPOINT WARNING * * *
You barely miss the gnoll.
The gnoll is almost dead.
The gnoll hits you with a +0 whip.
* * * LOW HITPOINT WARNING * * *
You barely miss the gnoll.
The gnoll is almost dead.
The gnoll hits you with a +0 whip.
You die...

############ #..........##
###### #...........# ###
#....## #...........#######
#.###.....#
#..............†...
#.#.#.....#
#..............###.
#.........## ########.#####.#
#. #..........# ####...##.##
#.###.
#.#....#.#.###..@g......#
#.....
#####..#.#..........###.#
######
####.)#.#.##.).....###.#
#....................#.#
###.#.#.#..#...........######
## #.#.#.#....>......###.....#
#.
#.#.#...........##8##...##8###
#....<..#.#......#...#.⌠.#...#
###.#.###....##..#_........._#


You could see a gnoll.

Vanquished Creatures
  A howler monkey zombie (D:4)
  Robin (D:3)
  2 adders
  4 gnolls
  A worm (D:3)
  A dart slug (D:1)
  An orc (D:3)
  2 ball pythons
  6 bats
  5 endoplasms
  3 giant cockroaches
  14 goblins
  5 hobgoblins
  2 jackals (D:3)
  2 kobolds
  A quokka (D:1)
  3 frilled lizards
  6 rats
60 creatures vanquished.

Notes
Turn   | Place    | Note
-------+----------+-------------------------------------------
     0 | D:1      | drugrobin the Demigod Warper began the quest for the Orb.
     0 | D:1      | Reached XP level 1. HP: 17/17 MP: 5/5
    27 | D:1      | Reached skill level 2 in Polearms
   305 | D:1      | Found Camo's Antique Weapon Shoppe.
   479 | D:1      | Found Roer's General Store.
   530 | D:1      | Reached XP level 2. HP: 23/24 MP: 7/7
   860 | D:1      | Learned a level 2 spell: Blink
   957 | D:1      | Found Panaipisk's Weapon Boutique.
  1072 | D:2      | Reached skill level 3 in Polearms
  1561 | D:1      | Bought a scroll of identify for 26 gold pieces
  1728 | D:2      | Reached XP level 3. HP: 29/29 MP: 8/8
  2485 | D:3      | Noticed Robin
  3468 | D:1      | Learned a level 3 spell: Teleport Other
  3484 | D:2      | Reached skill level 4 in Polearms
  3672 | D:3      | Reached XP level 4. HP: 33/36 MP: 9/9
  3813 | D:3      | Got Sif Muna's Disquisition on Transmutation
  4445 | D:4      | Noticed Sigmund
  4485 | D:4      | Noticed Ijyb
  4923 | D:3      | Killed Robin
  5336 | D:3      | Slain by a gnoll

Illustrated notes

Levels and vault maps discovered:
D:1:      dpeg_arrival_radiant, layout_basic, basic_ecumenical_altar,
          serial_shops, nicolae_square_shop, nicolae_square_shop, shop
D:2:      layout_basic, basic_altar
D:3:      layout_basic, grunt_temple_overflow_magic_moments,
          hangedman_ru_absence, uniq_robin
D:4:      layout_loops_ring, minmay_fractal_squares_diagonal_5, uniq_sigmund,
          uniq_pikel, uniq_ijyb

Skill      XL: |  1  2  3 |
---------------+----------+-----
Polearms       | 2 3 4 |  4.8
Fighting       | |  1.7
Throwing       | |  0.8
Armour         | |  0.8
Dodging        | |  1.7
Spellcasting   | |  1.7
Translocations | |  2.6

Action                   |  1- 3 |  4- 6 || total
-------------------------+-------+-------++-------
Melee: Spear             |   175 |   115 ||   290
       Punch             |     1 |       ||     1
Throw: Stone             |    11 |    20 ||    31
 Cast: Blink             |     1 |     2 ||     3
       Teleport Other    |       |     1 ||     1
  Use: Scroll            |     2 |     1 ||     3
 Stab: Sleeping          |     3 |       ||     3
Armor: Leather armour    |    30 |    14 ||    44
Dodge: Dodged            |    74 |    52 ||   126

Table legend: (Time is in decaauts)
 A = Elapsed time spent in this place.
 B = Non-inter-level travel time spent in this place.
 C = Inter-level travel time spent in this place.
 D = Time resting spent in this place.
 E = Time spent auto-exploring this place.
 F = Levels seen in this place.
 G = Mean time per level.
                   A        B        C        D        E       F      G
               +--------+--------+--------+--------+--------+-----+--------+
         Total |   5320 |   4954 |    366 |   1711 |   2272 |   4 | 1330.0 |
       Dungeon |   5320 |   4954 |    366 |   1711 |   2272 |   4 | 1330.0 |
               +--------+--------+--------+--------+--------+-----+--------+

Top non-repeatable levels by time:
     D:2: 1981 daAuts
     D:3: 1669 daAuts
     D:1: 1391 daAuts
     D:4: 277 daAuts
